| TOP OF THE 1ST |
|
San Francisco (APP) Giants batting - Pitching for Bristol Pirates : RHP Pablo Ramirez
|
|
Pitching: RHP Pablo Ramirez
|
|
|
Batting: RHB Edwin Verdugo
|
0-0: Ball 1-0: Ball 2-0: Ball 3-0: Called Strike 3-1: Fly out, F9 (Flyball, 9LM, EV 74.4 MPH)
|
|
Batting: RHB Alex Peguero
|
0-0: SOLO HOME RUN (Flyball, 9D, EV 91.9 MPH), Distance : 336 ft
|
|
Batting: RHB Tsugio Yamaguchi
|
0-0: SINGLE (Groundball, 4MS, EV 68.8 MPH) (infield hit)
|
|
Batting: RHB Jaime Rios
|
0-0: Called Strike 0-1: Ball 1-1: Called Strike 1-2: Ball 2-2: Ball 3-2: Base on Balls Tsugio Yamaguchi to second
|
|
Batting: RHB Malik Sharpless
|
0-0: Called Strike 0-1: Foul Ball, location: 2F 0-2: Ball 1-2: Foul Ball, location: 2F 1-2: Fly out, F9 (Flyball, 9D, EV 108.1 MPH)
|
|
Batting: RHB Noe Oliva
|
0-0: Ball 1-0: Called Strike 1-1: Swinging Strike 1-2: Ball 2-2: Foul Ball, location: 2F 2-2: Strikes out swinging
|
| Top of the 1st over - 1 run, 2 hits, 0 errors, 2 left on base; San Francisco (APP) 1 - Bristol 0 |
| BOTTOM OF THE 1ST |
|
Bristol Pirates batting - Pitching for San Francisco (APP) Giants : RHP Conrad van Gemert
|
|
Pitching: RHP Conrad van Gemert
|
|
|
Batting: RHB Matt Derrien
|
0-0: Ball 1-0: Ball 2-0: Ball 3-0: Called Strike 3-1: DOUBLE (Line Drive, 7LM, EV 106.2 MPH)
|
|
Batting: RHB Ryan Thurston
|
0-0: Ball 1-0: Swinging Strike 1-1: Called Strike 1-2: Ground out 5-3 (Groundball, 56S, EV 72.5 MPH) Matt Derrien to third
|
|
Batting: SHB Juan Ayala
|
0-0: Ball 1-0: Called Strike 1-1: Swinging Strike 1-2: Strikes out swinging
|
|
Batting: LHB Sun-wei Kuai
|
0-0: Ball 1-0: Ball 2-0: Ball 3-0: Base on Balls
|
|
Batting: LHB Ernesto Gasca
|
0-0: DOUBLE (Line Drive, 9LM, EV 88.1 MPH) Matt Derrien scores Sun-wei Kuai to third
|
|
Batting: RHB Oscar Mora
|
0-0: Swinging Strike 0-1: Called Strike 0-2: Ground out U3 (Groundball, 3, EV 98.1 MPH)
|
| Bottom of the 1st over - 1 run, 2 hits, 0 errors, 2 left on base; San Francisco (APP) 1 - Bristol 1 |
| TOP OF THE 2ND |
|
San Francisco (APP) Giants batting - Pitching for Bristol Pirates : RHP Pablo Ramirez
|
|
Batting: RHB Azeem bin Zuhair
|
0-0: Fly out, F8 (Flyball, 8RD, EV 100.0 MPH)
|
|
Batting: RHB Chris Kulik
|
0-0: Ball 1-0: Ball 2-0: Foul Ball, location: 2F 2-1: Fly out, F9 (Flyball, 89M, EV 75.0 MPH)
|
|
Batting: RHB Jonathan Hemsley
|
0-0: SINGLE (Groundball, 6MD, EV 103.8 MPH)
|
|
Batting: RHB Edwin Verdugo
|
0-0: Ball 1-0: Ball 2-0: Swinging Strike 2-1: Ball 3-1: Swinging Strike 3-2: Foul Ball, location: 2F 3-2: Strikes out swinging
|
| Top of the 2nd over - 0 runs, 1 hit, 0 errors, 1 left on base; San Francisco (APP) 1 - Bristol 1 |
| BOTTOM OF THE 2ND |
|
Bristol Pirates batting - Pitching for San Francisco (APP) Giants : RHP Conrad van Gemert
|
|
Batting: LHB Tommie Benefield
|
0-0: Ball 1-0: Hit by Pitch
|
|
Batting: RHB Brian Brewster
|
0-0: Fly out, F9 (Flyball, 89M, EV 88.8 MPH)
|
|
Batting: RHB Jason Rhodes
|
0-0: Called Strike 0-1: Ball Wild Pitch! Tommie Benefield to second 1-1: Ball 2-1: Called Strike 2-2: Ball 3-2: Fly out, F8 (Flyball, 8LM, EV 74.4 MPH)
|
|
Batting: RHB Matt Derrien
|
0-0: Ball 1-0: Foul Ball, location: 2F 1-1: Fly out, F8 (Line Drive, 89M, EV 89.4 MPH)
|
| Bottom of the 2nd over - 0 runs, 0 hits, 0 errors, 1 left on base; San Francisco (APP) 1 - Bristol 1 |
| TOP OF THE 3RD |
|
San Francisco (APP) Giants batting - Pitching for Bristol Pirates : RHP Pablo Ramirez
|
|
Batting: RHB Alex Peguero
|
0-0: Called Strike 0-1: Foul Ball, location: 2F 0-2: Ball 1-2: Ground out 6-3 (Groundball, 6, EV 105.0 MPH)
|
|
Batting: RHB Tsugio Yamaguchi
|
0-0: Called Strike 0-1: Foul Ball, location: 2F 0-2: Ball 1-2: Ground out 4-3 (Groundball, 34, EV 83.1 MPH)
|
|
Batting: RHB Jaime Rios
|
0-0: Ball 1-0: Ball 2-0: Foul Ball, location: 2F 2-1: Foul Ball, location: 2F 2-2: Strikes out swinging
|
| Top of the 3rd over - 0 runs, 0 hits, 0 errors, 0 left on base; San Francisco (APP) 1 - Bristol 1 |
| BOTTOM OF THE 3RD |
|
Bristol Pirates batting - Pitching for San Francisco (APP) Giants : RHP Conrad van Gemert
|
|
Batting: RHB Ryan Thurston
|
0-0: Called Strike 0-1: Foul Ball, location: 2F 0-2: Ball 1-2: Ball 2-2: Ball 3-2: Foul Ball, location: 2F 3-2: SINGLE (Groundball, 56D, EV 102.5 MPH)
|
|
Batting: SHB Juan Ayala
|
0-0: Ball 1-0: Ball Ryan Thurston steals 2nd base 2-0: Fly out, F7 (Flyball, 7LD, EV 75.6 MPH)
|
|
Batting: LHB Sun-wei Kuai
|
0-0: Ball 1-0: Ball 2-0: Ball 3-0: Base on Balls
|
|
Batting: LHB Ernesto Gasca
|
0-0: Ball 1-0: Ball 2-0: SINGLE (Flyball, 89S, EV 95.6 MPH) Ryan Thurston to third Sun-wei Kuai to second Runner from 3rd tries for Home, SAFE, throw by CF to home
|
|
Batting: RHB Oscar Mora
|
0-0: Ball 1-0: Fly out, F8 (Flyball, 78D, EV 87.5 MPH) Runner from 2nd tags up, OUT at 3rd! 8-5
|
| Bottom of the 3rd over - 1 run, 2 hits, 0 errors, 1 left on base; San Francisco (APP) 1 - Bristol 2 |
| TOP OF THE 4TH |
|
San Francisco (APP) Giants batting - Pitching for Bristol Pirates : RHP Pablo Ramirez
|
|
Batting: RHB Malik Sharpless
|
0-0: Ball 1-0: Ball 2-0: Ball 3-0: Base on Balls
|
|
Batting: RHB Noe Oliva
|
0-0: Foul Ball, location: 2F 0-1: Foul Ball, location: 2F 0-2: Hit by Pitch Malik Sharpless to second
|
|
Batting: RHB Azeem bin Zuhair
|
0-0: Ball 1-0: Ball 2-0: Called Strike 2-1: Fly out, F8 (Flyball, 8LD, EV 107.5 MPH)
|
|
Batting: RHB Chris Kulik
|
0-0: Ball 1-0: Foul Ball, location: 2F 1-1: Ball 2-1: Ground out 5-3 (Groundball, 56S, EV 81.2 MPH) Malik Sharpless to third Noe Oliva to second
|
|
Batting: RHB Jonathan Hemsley
|
0-0: Ball 1-0: Called Strike 1-1: Called Strike 1-2: Strikes out swinging
|
| Top of the 4th over - 0 runs, 0 hits, 0 errors, 2 left on base; San Francisco (APP) 1 - Bristol 2 |
| BOTTOM OF THE 4TH |
|
Bristol Pirates batting - Pitching for San Francisco (APP) Giants : RHP Conrad van Gemert
|
|
Batting: LHB Tommie Benefield
|
0-0: Ground out 4-3 (Groundball, 34D, EV 103.1 MPH)
|
|
Batting: RHB Brian Brewster
|
0-0: Foul Ball, location: 2F 0-1: Called Strike 0-2: Fly out, F9 (Flyball, 9LS, EV 91.9 MPH)
|
|
Batting: RHB Jason Rhodes
|
0-0: Foul Ball, location: 2F 0-1: Called Strike 0-2: Ball 1-2: Ground out 6-3 (Groundball, 6, EV 85.6 MPH)
|
| Bottom of the 4th over - 0 runs, 0 hits, 0 errors, 0 left on base; San Francisco (APP) 1 - Bristol 2 |
| TOP OF THE 5TH |
|
San Francisco (APP) Giants batting - Pitching for Bristol Pirates : RHP Pablo Ramirez
|
|
Batting: RHB Edwin Verdugo
|
0-0: Foul Ball, location: 2F 0-1: SINGLE (Groundball, 6M, EV 101.9 MPH) (infield hit)
|
|
Batting: RHB Alex Peguero
|
0-0: SINGLE (Groundball, 34D, EV 107.5 MPH) Edwin Verdugo to second
|
|
Batting: RHB Tsugio Yamaguchi
|
0-0: Ball 1-0: Ball 2-0: Called Strike 2-1: Fly out, F8 (Flyball, 78XD, EV 79.4 MPH) Runner from 2nd tags up, SAFE at 3rd, no throw by CF
|
|
Pitching: LHP Francisco Mendoza
|
|
|
Batting: RHB Jaime Rios
|
0-0: Swinging Strike 0-1: Ball 1-1: Foul Ball, location: 2F 1-2: Ball 2-2: Foul Ball, location: 2F 2-2: Foul Ball, location: 2F 2-2: Foul Ball, location: 2F 2-2: Strikes out swinging
|
|
Batting: RHB Malik Sharpless
|
0-0: Ball 1-0: Fly out, F7 (Line Drive, 7D, EV 98.8 MPH)
|
| Top of the 5th over - 0 runs, 2 hits, 0 errors, 2 left on base; San Francisco (APP) 1 - Bristol 2 |
| BOTTOM OF THE 5TH |
|
Bristol Pirates batting - Pitching for San Francisco (APP) Giants : RHP Conrad van Gemert
|
|
Batting: RHB Matt Derrien
|
0-0: Ball 1-0: Ball 2-0: Called Strike 2-1: Ball 3-1: Base on Balls
|
|
Batting: RHB Ryan Thurston
|
0-0: Ball 1-0: Called Strike 1-1: Fly out, F8 (Flyball, 8LD, EV 106.9 MPH)
|
|
Batting: SHB Juan Ayala
|
0-0: Ball Wild Pitch! Matt Derrien to second 1-0: SINGLE (Groundball, 34D, EV 105.6 MPH) Matt Derrien to third
|
|
Batting: LHB Sun-wei Kuai
|
0-0: SINGLE (Groundball, 34D, EV 105.6 MPH) Matt Derrien scores Juan Ayala to second Runner from 2nd tries for 3rd, OUT! 9-5 Sun-wei Kuai to second
|
|
Batting: LHB Ernesto Gasca
|
0-0: Ground out U3 (Groundball, 34S, EV 70.6 MPH)
|
| Bottom of the 5th over - 1 run, 2 hits, 0 errors, 1 left on base; San Francisco (APP) 1 - Bristol 3 |
| TOP OF THE 6TH |
|
San Francisco (APP) Giants batting - Pitching for Bristol Pirates : LHP Francisco Mendoza
|
|
Batting: RHB Noe Oliva
|
0-0: Foul Ball, location: 2F 0-1: Ball 1-1: Ball 2-1: Foul Ball, location: 2F 2-2: Reached on error, E5 (Groundball, 56, EV 89.4 MPH)
|
|
Batting: RHB Azeem bin Zuhair
|
0-0: Ball 1-0: Ball Noe Oliva steals 2nd base 2-0: Ball 3-0: Called Strike 3-1: Called Strike 3-2: Strikes out looking
|
|
Pitching: RHP Dustin Hamblin
|
|
|
Batting: RHB Chris Kulik
|
0-0: Called Strike 0-1: Ball 1-1: Ball Noe Oliva steals 3rd, throwing error, E2 Noe Oliva scores 2-1: Ground out 5-3 (Groundball, 56, EV 86.9 MPH)
|
|
Pinch Hitting: LHB Eddie Lemus
|
0-0: Called Strike 0-1: Foul Ball, location: 2F 0-2: Ball 1-2: Ball 2-2: SOLO HOME RUN (Flyball, 9LD, EV 96.9 MPH), Distance : 335 ft
|
|
Batting: RHB Edwin Verdugo
|
0-0: Called Strike 0-1: Ball 1-1: SINGLE (Groundball, 6MD, EV 101.9 MPH)
|
|
Batting: RHB Alex Peguero
|
0-0: Called Strike Edwin Verdugo steals 2nd, throwing error, E2 Edwin Verdugo to third 0-1: Ground out 6-3 (Groundball, 6, EV 105.6 MPH)
|
| Top of the 6th over - 2 runs, 2 hits, 3 errors, 1 left on base; San Francisco (APP) 3 - Bristol 3 |
| BOTTOM OF THE 6TH |
|
Bristol Pirates batting - Pitching for San Francisco (APP) Giants : RHP Conrad van Gemert
|
|
Now in RF: Eddie Lemus
|
|
|
Batting: RHB Oscar Mora
|
0-0: Called Strike 0-1: Ball 1-1: Foul Ball, location: 2F 1-2: Foul Ball, location: 2F 1-2: DOUBLE (Flyball, 78XD, EV 103.8 MPH)
|
|
Batting: LHB Tommie Benefield
|
0-0: Intentional Walk
|
|
Pitching: RHP Sam Green
|
|
|
Pinch Runner at 2nd Zachery Loomis:
|
|
|
Batting: RHB Brian Brewster
|
0-0: SINGLE (Groundball, 56S, EV 71.9 MPH) (infield hit) Zachery Loomis to third Tommie Benefield to second
|
|
Batting: RHB Jason Rhodes
|
0-0: Foul Ball, location: 2F 0-1: Grounds into fielders choice 5-2 (Groundball, 56S, EV 88.1 MPH) Tommie Benefield to third Brian Brewster to second
|
|
Batting: RHB Matt Derrien
|
0-0: Ball 1-0: Foul Ball, location: 2LF, Error on foul ball, E2 1-1: Ball 2-1: Ball 3-1: Fly out, F8 (Flyball, 78D, EV 106.9 MPH)
|
|
Batting: RHB Ryan Thurston
|
0-0: Called Strike 0-1: Ball 1-1: Called Strike 1-2: Ball 2-2: Strikes out looking
|
| Bottom of the 6th over - 0 runs, 2 hits, 1 error, 3 left on base; San Francisco (APP) 3 - Bristol 3 |
| TOP OF THE 7TH |
|
San Francisco (APP) Giants batting - Pitching for Bristol Pirates : RHP Dustin Hamblin
|
|
Batting: RHB Tsugio Yamaguchi
|
0-0: Called Strike 0-1: Ball 1-1: Ball 2-1: Ground out 4-3 (Groundball, 34, EV 86.9 MPH)
|
|
Pitching: RHP Otok Barleyfoot
|
|
|
Batting: RHB Jaime Rios
|
0-0: Ball 1-0: Called Strike 1-1: Foul Ball, location: 2F 1-2: Ground out 1-3 (Groundball, P, EV 60.6 MPH)
|
|
Batting: RHB Malik Sharpless
|
0-0: Ball 1-0: TRIPLE (Line Drive, 89XD, EV 109.4 MPH)
|
|
Batting: RHB Noe Oliva
|
0-0: Called Strike 0-1: Foul Ball, location: 2F 0-2: Foul Ball, location: 2F 0-2: Foul Ball, location: 2F 0-2: Strikes out looking
|
| Top of the 7th over - 0 runs, 1 hit, 0 errors, 1 left on base; San Francisco (APP) 3 - Bristol 3 |
| BOTTOM OF THE 7TH |
|
Bristol Pirates batting - Pitching for San Francisco (APP) Giants : RHP Sam Green
|
|
Batting: SHB Juan Ayala
|
0-0: Ball 1-0: Ball 2-0: Ball 3-0: Base on Balls
|
|
Batting: LHB Sun-wei Kuai
|
0-0: Ball 1-0: Called Strike 1-1: Ball 2-1: Foul Ball, location: 2F 2-2: Ball 3-2: Fielders Choice at 2nd, 5-4 (Groundball, 56S, EV 88.1 MPH)
|
|
Batting: LHB Ernesto Gasca
|
0-0: Foul Ball, location: 2F 0-1: Ball 1-1: Ball Sun-wei Kuai steals 2nd base 2-1: Intentional Walk
|
|
Batting: LHB Damien Cohen
|
0-0: DOUBLE (Line Drive, 7LM, EV 105.6 MPH) Sun-wei Kuai scores Ernesto Gasca to third Runner from 3rd tries for Home, throw by LF and OUT! 7-2 Damien Cohen to third
|
|
Pitching: RHP Josh Henderson
|
|
|
Batting: LHB Tommie Benefield
|
0-0: Ball 1-0: Ball 2-0: SINGLE (Line Drive, 7S, EV 100.0 MPH) Damien Cohen scores
|
|
Batting: RHB Brian Brewster
|
0-0: Ball 1-0: Called Strike 1-1: Foul Ball, location: 2F 1-2: Strikes out swinging
|
| Bottom of the 7th over - 2 runs, 2 hits, 0 errors, 1 left on base; San Francisco (APP) 3 - Bristol 5 |
| TOP OF THE 8TH |
|
San Francisco (APP) Giants batting - Pitching for Bristol Pirates : RHP Otok Barleyfoot
|
|
Batting: RHB Azeem bin Zuhair
|
0-0: Ball 1-0: Ball 2-0: Ball 3-0: Called Strike 3-1: SINGLE (Groundball, 56D, EV 109.4 MPH)
|
|
Batting: RHB Chris Kulik
|
0-0: Ball 1-0: Swinging Strike 1-1: SINGLE (Line Drive, 4D, EV 96.9 MPH) Azeem bin Zuhair to second
|
|
Pitching: LHP Angel Juarez
|
|
|
Pinch Hitting: RHB Zach Maguire
|
0-0: Bunted foul 0-1: Bunt missed! 0-2: Ball 1-2: Fly out, F8 (Flyball, 89M, EV 88.8 MPH)
|
|
Batting: RHB Edwin Verdugo
|
0-0: Called Strike 0-1: Ball 1-1: Foul Ball, location: 2F 1-2: Grounds into double play, 6-4-3 (Groundball, 6, EV 82.5 MPH)
|
| Top of the 8th over - 0 runs, 2 hits, 0 errors, 1 left on base; San Francisco (APP) 3 - Bristol 5 |
| BOTTOM OF THE 8TH |
|
Bristol Pirates batting - Pitching for San Francisco (APP) Giants : RHP Josh Henderson
|
|
Now in RF: Ricky Aguilar
|
|
|
Batting: RHB Jason Rhodes
|
0-0: Called Strike 0-1: Ball 1-1: Ball 2-1: Swinging Strike 2-2: SINGLE (Groundball, 34D, EV 108.8 MPH)
|
|
Batting: RHB Matt Derrien
|
0-0: Called Strike 0-1: Foul Ball, location: 2F 0-2: Ball 1-2: Strikes out swinging
|
|
Batting: RHB Ryan Thurston
|
0-0: Ball 1-0: Ball 2-0: Foul Ball, location: 2F 2-1: Ball 3-1: Grounds into double play, 6-4-3 (Groundball, 6M, EV 108.1 MPH)
|
| Bottom of the 8th over - 0 runs, 1 hit, 0 errors, 0 left on base; San Francisco (APP) 3 - Bristol 5 |
| TOP OF THE 9TH |
|
San Francisco (APP) Giants batting - Pitching for Bristol Pirates : LHP Angel Juarez
|
|
Pitching: RHP Tomas Cavazos
|
|
|
Batting: RHB Alex Peguero
|
0-0: Ball 1-0: Ball 2-0: Swinging Strike 2-1: Called Strike 2-2: Strikes out swinging
|
|
Batting: RHB Tsugio Yamaguchi
|
0-0: Swinging Strike 0-1: Ball 1-1: Called Strike 1-2: Ball 2-2: Ground out 6-3 (Groundball, 6, EV 86.9 MPH)
|
|
Batting: RHB Jaime Rios
|
0-0: Called Strike 0-1: Swinging Strike 0-2: Ground out U3 (Groundball, 34S, EV 81.2 MPH)
|
| Top of the 9th over - 0 runs, 0 hits, 0 errors, 0 left on base; San Francisco (APP) 3 - Bristol 5 |
|